 Dungeon Crawl Stone Soup version 0.27.1 (webtiles) character file.

Game seed: 9391385470332171990

2790 acemry the Basher (level 9, -3/72 HPs)
             Began as a Minotaur Fighter on Sept 3, 2021.
             Slain by Grum (14 damage)
             ... on level 8 of the Dungeon.
             The game lasted 00:14:08 (4992 turns).

acemry the Basher (Minotaur Fighter)                Turns: 4992, Time: 00:14:09

Health: -3/72      AC: 11    Str: 23    XL:     9   Next: 43%
Magic:  8/8        EV: 11    Int:  5    God:
Gold:   403        SH:  4    Dex: 11    Spells: 8/8 levels left

rFire    . . .     SeeInvis .   a - +0 flail
rCold    . . .     Faith    .   j - +0 buckler
rNeg     . . .     Spirit   .   G - +0 steam dragon scales
rPois    .         Reflect  .   (helmet restricted)
rElec    .         Harm     .   m - +2 cloak
rCorr    .         Rampage  .   l - +0 pair of gloves
Will     .....                  s - +0 pair of boots
Stlth    +.........             g - amulet of regeneration
HPRegen  1.22/turn              (no ring)
MPRegen  0.11/turn              (no ring)

@: about to teleport
A: horns 2, retaliatory headbutt
a: no special abilities


You were on level 8 of the Dungeon.
You visited 2 branches of the dungeon, and saw 9 of its levels.

You collected 403 gold pieces.

Inventory:

Hand Weapons
 a - a +0 flail (weapon)
 I - a +0 shortbow
Missiles
 e - 57 poisoned darts (quivered)
 u - 32 sling bullets
 v - 7 curare-tipped darts
 y - a throwing net
 J - 38 arrows
Armour
 b - a +0 scale mail
 c - a +0 kite shield
 j - a +0 buckler (worn)
 l - a +0 pair of gloves (worn)
 m - a +2 cloak (worn)
 s - a +0 pair of boots (worn)
 G - +0 steam dragon scales (worn)
 H - a +1 scale mail of cold resistance
Jewellery
 g - an amulet of regeneration (around neck)
Wands
 n - a wand of digging (7)
 q - a wand of polymorph (7)
 x - a wand of iceblast (9)
 D - a wand of flame (12)
Scrolls
 h - 4 scrolls of fog
 i - 2 scrolls of magic mapping
 w - a scroll of blinking {unknown}
 z - a scroll of amnesia {unknown}
Potions
 d - 3 potions of might
 f - 3 potions of lignification
 k - 3 potions of flight
 p - a potion of haste {unknown}
 r - a potion of mutation {unknown}
 t - 2 potions of degeneration
 B - 2 potions of heal wounds {unknown}
 E - 2 potions of curing {unknown}
 F - a potion of ambrosia {unknown}


   Skills:
 + Level 4.6 Fighting
 - Level 14.4 Maces & Flails
 + Level 4.2 Armour
 - Level 4.0 Shields


You had 8 spell levels left.
You didn't know any spells.
Your spell library contained the following spells:

 Spells                   Type           Power      Damage    Failure   Level
 Blink                    Tloc           N/A        N/A       63%         2
 Ignite Poison            Fire/Tmut/Pois 0%         N/A       85%         3
 Mephitic Cloud           Conj/Pois/Air  0%         N/A       85%         3
 Bolt of Magma            Conj/Fire/Erth 0%         4d4       100%        5
 Manifold Assault         Tloc           0%         N/A       100%        5
 Storm Form               Tmut/Air       0%         N/A       100%        7


Dungeon Overview and Level Annotations

Branches:
Dungeon (8/15)             Temple (1/1) D:4
   Lair: D:8-11

Altars:
Ashenzari
Cheibriados
Dithmenos
Elyvilon
Fedhas
Hepliaklqana
Kikubaaqudgha
Makhleb
Nemelex Xobeh
Ru
Sif Muna
Trog
Uskayaw
Vehumet
Wu Jian
Xom
Zin
The Shining One

Shops:
D:2 [

Annotations:
D:3 2 transporters, shadowrider38's ghost, amateur DjAr
D:8 Grum


Innate Abilities, Weirdness & Mutations

You have a pair of horns on your head.
You reflexively headbutt those who attack you in melee.


Message History

The wolf barely misses you. The wolf bites you. You block the wolf's attack.
You block the wolf's attack. The wolf bites you! The wolf closely misses you.
Okay, then.
As you read the scroll of fear, it crumbles to dust.
You assume a fearsome visage.
Grum looks frightened!
The wolf looks frightened!
As you read the scroll of identify, it crumbles to dust.
t - 2 potions of degeneration Grum pleads, "Please don't kill me!"
Grum yells, "Help!"
A wolf comes into view.
The wolf closely misses you. You furiously retaliate!
You headbutt the wolf!
Grum gibbers meaninglessly.
The wolf bites you but does no damage.
Grum seems to regain his courage.
The wolf seems to regain its courage.
You block the wolf's attack. The wolf closely misses you.
Grum hits you but does no damage. The wolf closely misses you.
You block the wolf's attack. The wolf completely misses you.
The wolf barely misses you. Grum hits you with a +1 spear!
The wolf barely misses you.
You barely miss Grum. The wolf closely misses you. The wolf bites you.
Grum hits you with a +1 spear!
You hit Grum but do no damage. The wolf closely misses you. x2
You block the wolf's attack. Grum hits you with a +1 spear!
* * * LOW HITPOINT WARNING * * *
You completely miss Grum. The wolf bites you but does no damage.
The wolf bites you.
* * * LOW HITPOINT WARNING * * *
As you read the scroll of teleportation, it crumbles to dust.
You feel strangely unstable. You block the wolf's attack.
The wolf bites you but does no damage. Grum hits you with a +1 spear.
* * * LOW HITPOINT WARNING * * *
The wolf bites you but does no damage. The wolf closely misses you.
You furiously retaliate!
You headbutt the wolf, but do no damage.
Grum hits you from afar with a +1 spear!
You die...

#.........##
#....
#..........#
#....#
##.....#####
.....# ####..##
##....#
##..####....#
###..#.....#
##..h...#
..###..h.g.#
........@#...#
......#######.#
##.### # #


You could see Grum and 2 wolves.

Vanquished Creatures
  Pikel (D:7)
  Prince Ribbit (D:5)
  A steam dragon (D:7)
  2 water moccasins
  A black bear (D:6)
  A necrophage (D:6)
  A sky beast (D:8)
  2 centaurs (D:7)
  A wolf (D:8)
  3 phantoms
  A lemure (D:7)
  2 bullfrogs
  A scorpion (D:6)
  2 water moccasin skeletons (D:6)
  4 killer bees (D:7)
  A howler monkey (D:7)
  2 centaur zombies (D:5)
  A gnoll shaman (D:5)
  3 hounds
  A bullfrog skeleton (D:7)
  An orc priest (D:7)
  3 centaur skeletons (D:7)
  An iguana (D:4)
  An orc wizard (D:7)
  A hound skeleton (D:4)
  A hound zombie (D:5)
  A howler monkey skeleton (D:7)
  5 gnolls (D:5)
  8 adders
  2 shadow imps (D:7)
  An ufetubus (D:5)
  A worm (D:4)
  2 dart slugs
  7 orcs
  3 endoplasms
  2 giant cockroaches
  4 goblins
  4 hobgoblins
  4 jackals (D:3)
  5 quokkas
  2 ball pythons (D:1)
  2 bats
  6 frilled lizards
  3 kobolds
  4 rats
106 creatures vanquished.

Notes
Turn   | Place    | Note
-------+----------+-------------------------------------------
     0 | D:1      | acemry the Minotaur Fighter began the quest for the Orb.
     0 | D:1      | Reached XP level 1. HP: 19/19 MP: 0/0
   189 | D:1      | Reached skill level 3 in Maces & Flails
   335 | D:1      | Reached XP level 2. HP: 26/26 MP: 1/1
   716 | D:2      | Found Gueluvoi's Armour Boutique.
   743 | D:2      | Reached skill level 4 in Maces & Flails
   874 | D:2      | Reached XP level 3. HP: 31/31 MP: 2/2
  1196 | D:3      | Noticed an orc warrior
  1197 | D:3      | Noticed shadowrider38's ghost (amateur DjAr)
  1205 | D:3      | Found a transporter.
  1229 | D:3      | Found a faded altar of an unknown god.
  1336 | D:3      | Reached skill level 5 in Maces & Flails
  1340 | D:3      | Reached XP level 4. HP: 39/39 MP: 3/3
  1448 | D:3      | Found a transporter.
  1974 | D:4      | Found a staircase to the Ecumenical Temple.
  2007 | Temple   | Entered the Ecumenical Temple
  2353 | D:4      | Reached skill level 6 in Maces & Flails
  2405 | D:4      | Reached XP level 5. HP: 45/45 MP: 4/4
  2573 | D:5      | Entered Level 5 of the Dungeon
  2750 | D:5      | Noticed Prince Ribbit
  2767 | D:5      | Killed Prince Ribbit
  2768 | D:5      | Reached skill level 8 in Maces & Flails
  2768 | D:5      | Reached XP level 6. HP: 43/51 MP: 5/5
  2814 | D:5      | Found an ancient bone altar of Kikubaaqudgha.
  3035 | D:5      | Found a radiant altar of Vehumet.
  3051 | D:5      | Found a sparkling altar of Nemelex Xobeh.
  3185 | D:5      | Noticed a water moccasin
  3189 | D:5      | Killed a water moccasin
  3190 | D:5      | Reached skill level 9 in Maces & Flails
  3190 | D:5      | Reached XP level 7. HP: 57/57 MP: 6/6
  3548 | D:6      | Reached skill level 10 in Maces & Flails
  3742 | D:6      | Found a shadowy altar of Dithmenos.
  3749 | D:6      | Reached skill level 11 in Maces & Flails
  3749 | D:6      | Reached XP level 8. HP: 64/64 MP: 7/7
  3880 | D:6      | Reached skill level 12 in Maces & Flails
  4233 | D:7      | Reached skill level 13 in Maces & Flails
  4474 | D:7      | Noticed Pikel
  4480 | D:7      | Killed Pikel
  4481 | D:7      | Reached XP level 9. HP: 42/70 MP: 8/8
  4493 | D:7      | Reached skill level 14 in Maces & Flails
  4733 | D:7      | Found a glowing silver altar of Zin.
  4733 | D:7      | Noticed an angel
  4951 | D:8      | Noticed Grum
  4992 | D:8      | Slain by Grum

Illustrated notes

Levels and vault maps discovered:
D:1:      roderic_crossed_star, layout_loops_ring, kennysheep_boxes
D:2:      layout_rooms, serial_shops, shop
D:3:      layout_rooms, gammafunk_ghost_arena, chequers_ecumenical_altar_simple
D:4:      layout_basic, minmay_temple_entry_purple_smoke
D:5:      layout_basic, nicolae_kikubaaqudgha_miasma_corner,
          general_overflow_altar, nicolae_vehumet_altar_sigil,
          kennysheep_generic_room_11, uniq_prince_ribbit1
D:6:      layout_basic, grunt_dithmenos_shadows, roderic_nine_men_s_morris,
          chequers_serial_rivers_small_a
D:7:      layout_loops_cross, zin_angel, uniq_pikel
D:8:      layout_cave_pods, the_hattery, uniq_grum
Temple:   nicolae_temple_figure_eight

Skill      XL: |  1  2  3  4  5  6  7  8  9 |
---------------+----------------------------+-----
Maces & Flails | 3 4 5 6 8 9 11 13 14 | 14.4
Shields        | 4 |  4.0
Fighting       | 4 |  4.6
Armour         | 4 |  4.2

Action                   |  1- 3 |  4- 6 |  7- 9 || total
-------------------------+-------+-------+-------++-------
Melee: Flail             |    87 |    67 |   224 ||   378
       Headbutt          |    10 |    13 |    44 ||    67
  Use: Scroll            |     1 |     6 |     3 ||    10
       Potion            |       |       |     1 ||     1
Armor: Scale mail        |    43 |    38 |    53 ||   134
       Steam dragon scal |       |       |    43 ||    43
       Skin              |       |       |    12 ||    12
Dodge: Dodged            |    42 |    36 |    95 ||   173
Block: Buckler           |    14 |     8 |    44 ||    66
